 Dungeon Crawl Stone Soup version 0.29.1-15-g9cfb28693d (webtiles) character file.

Game seed: 13086226048763178111

48956 pokedragonboy the Stormcaller (level 14, -14/68 HPs)
             Began as a Tengu Air Elementalist on Mar 12, 2023.
             Was a High Priest of Vehumet.
             Killed from afar by a deep elf pyromancer (29 damage)
             ... with a bolt of fire
             ... on level 13 of the Dungeon.
             The game lasted 01:03:43 (20505 turns).

pokedragonboy the Stormcaller (TeAE)               Turns: 20505, Time: 01:03:43

Health: -14/68     AC: 14    Str: 11    XL:     14   Next: 48%
Magic:  23/41      EV: 14    Int: 34    God:    Vehumet [*****.]
Gold:   1428       SH:  0    Dex: 14    Spells: 1/39 levels left

rFire   . . .      SeeInvis .   b - staff of conjuration
rCold   . . .      Faith    .   (no shield)
rNeg    . . .      Spirit   .   F - +2 steam dragon scales
rPois   +          Reflect  .   S - +2 hat {Int+3}
rElec   .          Harm     .   B - +2 cloak {rPois}
rCorr   .          Rampage  .   j - +1 pair of gloves "Zeifuto" {Str+2 Int+4}
Will    +....                   (boots unavailable)
Stlth   ++........              (no amulet)
HPRegen 0.21/turn               r - ring of Kyruo {rPois MP+9 Int+6}
MPRegen 0.27/turn               l - ring of wizardry

@: about to teleport, flying quickly and evasively, quick
A: beak, talons 3, nimble flight
a: Renounce Religion


You were on level 13 of the Dungeon.
You worshipped Vehumet.
Vehumet was extremely pleased with you.
You visited 3 branches of the dungeon, and saw 19 of its levels.

You collected 1456 gold pieces.
You spent 28 gold pieces at shops.

Inventory:

Hand Weapons
 a - a +3 vampiric trident
 E - the +7 dagger of Kindness {freeze, rElec Dex+3}
   (You found it on level 5 of the Lair of Beasts)

   It freezes those it strikes, dealing additional cold damage.
   It can also slow down cold-blooded creatures.
   Dex:       It affects your dexterity (+3).
   rElec:     It insulates you from electricity.
Missiles
 J - 2 throwing nets
Armour
 j - the +1 pair of gloves "Zeifuto" (worn) {Str+2 Int+4}
   (You found it on level 2 of the Dungeon)

   Str:       It affects your strength (+2).
   Int:       It affects your intelligence (+4).
 B - a +2 cloak of poison resistance (worn)
 F - +2 steam dragon scales (worn)
 S - a +2 hat of intelligence (worn)
Magical Staves
 b - a staff of conjuration (weapon)
Jewellery
 g - a +6 ring of strength
 k - a +4 ring of evasion
 l - a ring of wizardry (right hand)
 r - the ring of Kyruo (left hand) {rPois MP+9 Int+6}
   (You found it on level 3 of the Dungeon)

   [ring of intelligence]

   Int:       It affects your intelligence (+6).
   rPois:     It protects you from poison.
   MP:        It affects your magic capacity (+9).
 A - a ring of protection from fire
Wands
 n - a wand of light (8)
 q - a wand of digging (6)
 t - a wand of iceblast (25)
 L - a wand of charming (12)
 U - a wand of flame (27)
 X - a wand of mindburst (8)
Scrolls
 d - a scroll of enchant weapon
 i - 2 scrolls of fear
 p - 6 scrolls of teleportation
 s - 4 scrolls of magic mapping
 u - a scroll of amnesia
 x - 2 scrolls of immolation
 y - 2 scrolls of torment
 z - 4 scrolls of silence
 G - 5 scrolls of poison
 H - 4 scrolls of noise
 K - a scroll of vulnerability
 O - 3 scrolls of butterflies
Potions
 c - 3 potions of might
 e - 9 potions of curing
 f - a potion of cancellation
 h - a potion of attraction
 m - 4 potions of mutation
 o - 5 potions of brilliance
 v - a potion of berserk rage
 w - 5 potions of lignification
 C - a potion of haste
 D - 2 potions of flight
 I - 5 potions of magic
 P - 2 potions of degeneration {unknown}
 Q - a potion of invisibility
 V - a potion of resistance {unknown}
Miscellaneous
 Z - a condenser vane


   Skills:
 - Level 2.1 Dodging
 - Level 2.0 Stealth
 + Level 13.3 Spellcasting
 + Level 18.3 Conjurations
 + Level 1.4 Summonings
 - Level 3.0 Fire Magic
 + Level 18.6 Air Magic


You had one spell level left.
You knew the following spells:

 Your Spells              Type           Power      Damage    Failure   Level
a - Shock                 Conj/Air       100%       1d9       0%          1
b - Static Discharge      Conj/Air       100%       3-16/arc  0%          2
c - Airstrike             Air            49%        2d(8-24)  0%          4
d - Flame Wave            Conj/Fire      97%        2d20      1%          4
e - Foxfire               Conj/Fire      100%       2x1d9     0%          1
f - Lightning Bolt        Conj/Air       61%        1d84      1%          5
g - Summon Lightning Spi  Summ/Air       74%        N/A       1%          4
h - Freezing Cloud        Conj/Ice/Air   51%        6-21      1%          5
i - Maxwell's Capacitive  Air            49%        ∞         1%          8
r - Iskenderun's Mystic   Conj/Tloc      91%        2d18      1%          4

Your spell library contained the following spells:

 Spells                   Type           Power      Damage    Failure   Level
 Summon Small Mammal      Summ           100%       N/A       1%          1
 Swiftness                Air            99%        N/A       0%          3
 Scorch                   Fire           86%        2d9       1%          2
 Call Canine Familiar     Summ           32%        N/A       1%          3
 Conjure Flame            Conj/Fire      97%        6-21      1%          3
 Frozen Ramparts          Ice            44%        1d7       1%          3
 Ignite Poison            Fire/Tmut/Pois 29%        N/A       1%          3
 Inner Flame              Hex/Fire       32%        N/A       1%          3
 Stone Arrow              Conj/Erth      100%       3d13      1%          3
 Summon Guardian Golem    Hex/Summ       27%        N/A       1%          3
 Fulminant Prism          Conj/Hex       45%        3d21      1%          4
 Sticky Flame             Conj/Fire      97%        2d11      1%          4
 Gell's Gravitas          Tloc           22%        N/A       2%          3
 Lesser Beckoning         Tloc           22%        N/A       2%          3
 Teleport Other           Tloc           22%        N/A       2%          3
 Animate Armour           Summ/Erth      54%        N/A       6%          4
 Summon Ice Beast         Ice/Summ       27%        N/A       6%          4
 Cause Fear               Hex            11%        N/A       8%          4
 Ice Form                 Ice/Tmut       22%        N/A       8%          4
 Storm Form               Tmut/Air       36%        N/A       14%         7
 Lehudib's Crystal Spear  Conj/Erth      45%        10d11     28%         8
 Summon Cactus Giant      Summ           16%        N/A       52%         6
 Discord                  Hex            11%        N/A       100%        8


Dungeon Overview and Level Annotations

Branches:
Dungeon (14/15)            Temple (1/1) D:5            Lair (5/5) D:10
 Shoals (0/4) Lair:3        Snake (0/4) Lair:3        Slime (0/5) Lair:5
    Orc (0/2) D:9
 Vaults: D:13-14

Altars:
Ashenzari
Cheibriados
Dithmenos
Elyvilon
Fedhas
Gozag
Makhleb
Nemelex Xobeh
Okawaru
Sif Muna
Trog
Uskayaw
Vehumet
Wu Jian
Xom
Zin

Shops:
D:2 *   D:6 [

Annotations:
Lair:5 1 runed translucent door


Innate Abilities, Weirdness & Mutations

You have a beak for a mouth.
You have claws for feet.
Your magical nature lets you fly swiftly and evasively.


Message History

You are covered in liquid flames!
The deep elf pyromancer hits you with a +0 long sword.
Casting: Static Discharge (safe; 0% risk of failure)
Confirm with . or Enter, or press ? or * to list all spells.
You feel a surge of power!
The deep elf pyromancer is struck by an arc of lightning.
The deep elf pyromancer is heavily wounded.
You are covered in liquid flames!
The deep elf pyromancer casts a spell.
The deep elf pyromancer blinks!
Casting: Static Discharge (safe; 0% risk of failure)
Confirm with . or Enter, or press ? or * to list all spells.
Okay, then.
Casting: Static Discharge (safe; 0% risk of failure)
Confirm with . or Enter, or press ? or * to list all spells.
Aiming: Airstrike (safe; 0% risk of failure)
Press: ? - help, Dir - move target, f/p - deep elf pyromancer
Aim: a deep elf pyromancer, wielding a +0 long sword (heavily wounded, empty space bonus: 2/8)
The air twists around and strikes the deep elf pyromancer!
The deep elf pyromancer is severely wounded.
You are covered in liquid flames!
The fire elemental hits you. The fire elemental burns you!
* * * LOW HITPOINT WARNING * * *
The fire elemental hits you.
* * * LOW HITPOINT WARNING * * *
The fire elemental burns you!
* * * LOW HITPOINT WARNING * * *
You feel better.
The deep elf pyromancer hits you with a +0 long sword.
* * * LOW HITPOINT WARNING * * *
The fire elemental closely misses you.
You feel better.
The deep elf pyromancer completely misses you.
The fire elemental hits you. The fire elemental burns you!
* * * LOW HITPOINT WARNING * * *
As you read the scroll of teleportation, it crumbles to dust.
You feel strangely unstable. The fire elemental barely misses you.
The deep elf pyromancer casts a spell at you.
The bolt of fire hits you!!
You die...

).# # #.# .#
###+#.###.###
#............
#........#
#........#
########.>####
##....###.##
....$.E@e.#
##....#####
####


You could see a deep elf pyromancer and a fire elemental (summoned).

Vanquished Creatures
  Gastronok (D:10)
  2 dire elephants (Lair:5)
  4 hydras
  A boulder beetle (Lair:5)
  A catoblepas (Lair:5)
  2 two-headed ogres (D:9)
  4 death yaks (Lair:5)
  A deep troll shaman (Lair:5)
  4 lindwurms (Lair:2)
  Pikel (D:4)
  An oklob plant (Lair:2)
  A cyclops (D:11)
  A manticore (Lair:3)
  A wolf spider (Lair:1)
  17 elephants
  4 black mambas
  Maurice (D:9)
  Maggie (D:6)
  A gargoyle (D:11)
  Psyche (D:8)
  7 cane toads
  A kobold demonologist (D:11)
  2 torpor snails
  5 rime drakes (Lair:3)
  3 komodo dragons
  4 trolls
  A polar bear (Lair:4)
  Prince Ribbit (D:5)
  9 blink frogs
  2 hornets
  A snapping turtle (Lair:3)
  Sigmund (D:5)
  2 shadows (D:9)
  A wraith (D:10)
  15 wyverns
  43 yaks
  7 basilisks
  Grum (D:9)
  3 vampire mosquitoes (D:10)
  3 nagas (Lair:3)
  2 acid dragons
  A hell hound (Lair:3)
  9 water moccasins
  8 black bears
  3 ogres
  14 wolves
  3 centaurs
  3 phantoms
  2 kobold brigands (D:9)
  3 bullfrogs
  2 necrophages
  2 gnoll sergeants
  3 scorpions
  8 wights
  2 troll zombies (D:9)
  10 killer bees
  A howler monkey (D:8)
  7 orc priests
  Crazy Yiuf (D:5)
  4 hounds
  3 gnoll boudas
  9 orc wizards
  5 hell rats (Lair:3)
  6 ogre zombies (D:9)
  A hound skeleton (D:4)
  12 adders
  24 gnolls
  A shadow imp (D:6)
  A white imp (D:7)
  An adder skeleton (D:3)
  An adder zombie (D:3)
  4 worms
  2 dart slugs
  39 orcs
  6 endoplasms
  6 giant cockroaches
  6 goblins
  9 hobgoblins
  13 jackals
  5 quokkas
  8 ball pythons
  3 bats
  3 frilled lizards
  2 goblin skeletons (D:9)
  A goblin zombie (D:9)
  A hobgoblin skeleton (D:9)
  2 hobgoblin zombies (D:9)
  20 kobolds
  2 orc skeletons (D:9)
  17 orc zombies (D:9)
  3 rats
  2 fulminant prisms (Lair:2)
468 creatures vanquished.

Vanquished Creatures (collateral kills)
  A hydra (D:11)
  A troll (D:11)
  A blink frog (Lair:5)
  2 wolves (Lair:5)
5 creatures vanquished.

Vanquished Creatures (others)
  2 bushes (Lair:4)
  124 foxfires
  12 fulminant prisms
  39 fungi
  45 plants
  A withered plant (D:3)
223 creatures vanquished.

Grand Total: 696 creatures vanquished

Notes
Turn   | Place    | Note
-------+----------+-------------------------------------------
     0 | D:1      | pokedragonboy the Tengu Air Elementalist began the quest
                  | for the Orb.
     0 | D:1      | Reached XP level 1. HP: 10/10 MP: 4/4
   339 | D:1      | Reached XP level 2. HP: 15/15 MP: 0/6
   437 | D:1      | Learned a level 2 spell: Static Discharge
  1130 | D:2      | Reached XP level 3. HP: 19/19 MP: 5/7
  1278 | D:2      | Identified the +1 pair of gloves "Zeifuto" {Str+2 Int+4}
  1303 | D:2      | Found Xunkiuma's General Store.
  1341 | D:2      | Bought a scroll of identify for 28 gold pieces
  1769 | D:2      | Reached XP level 4. HP: 24/24 MP: 5/9
  2142 | D:3      | Reached skill level 5 in Air Magic
  2285 | D:3      | Gained mutation: Your magical nature lets you fly swiftly
                  | and evasively. [Tengu growth]
  2285 | D:3      | Reached XP level 5. HP: 26/28 MP: 7/10
  2290 | D:3      | Learned a level 4 spell: Airstrike
  2379 | D:3      | Identified the ring of Kyruo {rPois MP+9 Int+6}
  2567 | D:3      | Found a faded altar of an unknown god.
  3180 | D:4      | Noticed a phantom
  3190 | D:4      | Killed a phantom
  3191 | D:4      | Reached XP level 6. HP: 32/32 MP: 6/12
  3198 | D:4      | Noticed Pikel
  3436 | D:4      | Reached skill level 5 in Conjurations
  3708 | D:4      | Killed Pikel
  3709 | D:4      | Reached XP level 7. HP: 36/36 MP: 7/15
  3897 | D:4      | Reached XP level 8. HP: 41/41 MP: 13/16
  3910 | D:4      | Reached skill level 5 in Spellcasting
  4053 | D:4      | Learned a level 4 spell: Flame Wave
  4406 | D:4      | Found a burning altar of Makhleb.
  4571 | D:5      | Entered Level 5 of the Dungeon
  4576 | D:5      | Noticed Prince Ribbit
  4581 | D:5      | Killed Prince Ribbit
  4985 | D:5      | Found a staircase to the Ecumenical Temple.
  4996 | Temple   | Entered the Ecumenical Temple
  5012 | Temple   | Became a worshipper of Vehumet
  5069 | D:5      | Noticed Sigmund
  5071 | D:5      | Killed Sigmund
  5072 | D:5      | Reached XP level 9. HP: 45/45 MP: 18/19
  5391 | D:5      | Found a runed translucent door.
  5392 | D:5      | Noticed Crazy Yiuf
  5400 | D:5      | Killed Crazy Yiuf
  5622 | D:6      | Reached skill level 1 in Fire Magic
  5933 | D:6      | Noticed Maggie
  5937 | D:6      | Killed Maggie
  6014 | D:6      | Reached skill level 10 in Air Magic
  6126 | D:6      | Found Vykluffeb's Armour Shoppe.
  6151 | D:6      | Reached * piety under Vehumet
  6151 | D:6      | Offered knowledge of Foxfire by Vehumet.
  6154 | D:6      | Learned a level 1 spell: Foxfire
  6699 | D:7      | Noticed a hornet
  6702 | D:7      | Killed a hornet
  6980 | D:7      | Reached skill level 10 in Conjurations
  7816 | D:7      | Reached XP level 10. HP: 43/50 MP: 22/22
  7923 | D:8      | Noticed Psyche
  7927 | D:8      | Killed Psyche
  7941 | D:8      | Offered knowledge of Poisonous Vapours by Vehumet.
  7944 | D:8      | Reached ** piety under Vehumet
  8641 | D:8      | Found a sparkling altar of Nemelex Xobeh.
  9263 | D:9      | Noticed Maurice
  9269 | D:9      | Offered knowledge of Ignite Poison by Vehumet.
  9270 | D:9      | Noticed Grum
  9270 | D:9      | Noticed a two-headed ogre
  9539 | D:9      | Killed Maurice
  9539 | D:9      | Reached *** piety under Vehumet
  9570 | D:9      | Killed a two-headed ogre
  9571 | D:9      | Reached XP level 11. HP: 42/54 MP: 10/25
  9835 | D:9      | Killed Grum
  9941 | D:9      | Offered knowledge of Olgreb's Toxic Radiance by Vehumet.
  9976 | D:9      | Noticed a two-headed ogre
  9980 | D:9      | Killed a two-headed ogre
 10086 | D:9      | Found a staircase to the Orcish Mines.
 10122 | D:9      | Reached **** piety under Vehumet
 10306 | D:10     | Entered Level 10 of the Dungeon
 10465 | D:10     | Offered knowledge of Iskenderun's Mystic Blast by Vehumet.
 10474 | D:10     | Learned a level 4 spell: Iskenderun's Mystic Blast
 10614 | D:10     | Found a staircase to the Lair.
 10656 | D:10     | Learned a level 5 spell: Lightning Bolt
 10743 | D:10     | Noticed Gastronok
 10756 | D:10     | Killed Gastronok
 11253 | Lair:1   | Entered Level 1 of the Lair of Beasts
 11297 | Lair:1   | Reached skill level 10 in Spellcasting
 11317 | Lair:1   | Reached ***** piety under Vehumet
 11318 | Lair:1   | Reached XP level 12. HP: 48/59 MP: 25/27
 11527 | Lair:1   | Noticed a five-headed hydra
 11532 | Lair:1   | Killed a five-headed hydra
 11719 | Lair:1   | Identified the +0 robe of Paranoia {rF+}
 11823 | Lair:1   | Offered knowledge of Fulminant Prism by Vehumet.
 11852 | Lair:1   | Learned a level 4 spell: Fulminant Prism
 11863 | Lair:1   | Identified a scroll of acquirement
 11863 | Lair:1   | Acquired 505 gold pieces
 12214 | Lair:2   | Reached skill level 15 in Air Magic
 12348 | Lair:2   | Reached skill level 15 in Conjurations
 12542 | Lair:2   | Identified the +9 mace "Boqesm" {elec, rC+ Will+}
 14186 | Lair:3   | Found a staircase to the Snake Pit.
 14194 | Lair:3   | Learned a level 4 spell: Summon Lightning Spire
 14294 | Lair:3   | Identified the +2 ring mail of Immorality {-Tele rPois
                  | Str+2 Int+4}
 15192 | Lair:3   | Reached XP level 13. HP: 54/63 MP: 29/29
 15510 | Lair:3   | Found a staircase to the Shoals.
 17180 | Lair:5   | Entered Level 5 of the Lair of Beasts
 17256 | Lair:5   | Noticed a dire elephant
 17395 | Lair:5   | Found a runed translucent door.
 17615 | Lair:5   | Offered knowledge of Freezing Cloud by Vehumet.
 17622 | Lair:5   | Learned a level 5 spell: Freezing Cloud
 18018 | Lair:5   | Learned a level 4 spell: Iskenderun's Mystic Blast
 18051 | Lair:5   | Killed a dire elephant
 18606 | Lair:5   | Reached XP level 14. HP: 68/68 MP: 24/31
 19023 | Lair:5   | Noticed a dire elephant
 19035 | Lair:5   | Killed a dire elephant
 19196 | Lair:5   | Identified the +7 dagger of Kindness {freeze, rElec Dex+3}
 19377 | Lair:5   | Noticed an acid blob
 19379 | Lair:5   | Found a staircase to the Slime Pits.
 19737 | Lair:3   | Learned a level 8 spell: Maxwell's Capacitive Coupling
 19941 | D:11     | Identified the +5 leather armour of the Moon Troll {rCorr}
 20211 | D:11     | Reached skill level 1 in Summonings
 20476 | D:11     | You are sucked into a shaft and drop 3 floors!
 20505 | D:13     | Killed from afar by a deep elf pyromancer

Illustrated notes

Levels and vault maps discovered:
D:1:      tarquinn_simple_flora_water_e, layout_rooms, minmay_misc_feat_chi,
          st_stairs_11, grunt_decor_arrowhead
D:2:      layout_loops_cross, serial_shops,
          nicolae_shop_temple_entry_statues_fountains
D:3:      layout_basic, shapermc_ecumenical_altar_ellora, serial_undead,
          serial_undead_d, serial_undead_f, serial_undead_b, serial_undead_f,
          minmay_misc_feat_four_crosses, st_stairs_3
D:4:      layout_cave_pools, makhleb_blood_cavern_becter,
          kennysheep_generic_room_6, uniq_pikel
D:5:      layout_cave_pools, minmay_temple_entry_glassed_door, glass_columns_a,
          minmay_misc_feat_encased, uniq_prince_ribbit1, uniq_sigmund,
          uniq_crazy_yiuf_cottage
D:6:      layout_layer_cave, serial_shops, nicolae_shop_waterfront, uniq_maggie
D:7:      layout_basic, minmay_misc_feat_plants
D:8:      layout_cave_pools, nemelex_spade_bored_becter, lightli_orcish_oven,
          uniq_psyche
D:9:      layout_cross, zombieorc2_lemuel, uniq_grum, uniq_maurice
D:10:     layout_small_grid, lair_entry_dummy, kennysheep_windowed_goal,
          uniq_gastronok
D:11:     layout_roguey, amcnicky_mini_pool_medium
D:13:     layout_basic, serial_shops, nicolae_stop_n_shop_2
D:14:     layout_gridville, lightli_vaults_fourway_checkpoint,
          small_statue_intersection, serial_demonic, serial_demonic_b,
          serial_demonic_a, serial_demonic_c, serial_demonic_d
Temple:   nicolae_temple_bog_church
Lair:1:   layout_chaotic_city, nicolae_lair_run_with_the_wolves
Lair:2:   layout_layer_cave, minmay_lair_oklob_bushes,
          chequers_serial_rivers_micro_c, minmay_lindwurm_lava
Lair:3:   layout_misc_corridors, minmay_shoals_entry_hut,
          minmay_snake_entry_guardpost_small, special_room
          [special_room_mythical_zoo], st_stairs_3
Lair:4:   layout_concentric_octagons, infiniplex_staircase_pool_2,
          lemuel_fruit_tree
Lair:5:   grunt_lair_end_beastmaster, layout_small_grid, slime_entry_2,
          serial_bayou_shore_b

Skill      XL: |  1  2  3  4  5  6  7  8  9 10 11 12 13 14 |
---------------+-------------------------------------------+-----
Conjurations   | 2 3 4 6 8 10 12 14 15 17 18 | 18.3
Air Magic      | 5 7 9 10 12 14 16 17 18 | 18.6
Spellcasting   | 3 4 6 7 9 10 11 12 13 | 13.3
Fire Magic     | 3 |  3.0
Summonings     | 1 |  1.4
Dodging        | |  2.1
Stealth        | |  2.0

Action                   |  1- 3 |  4- 6 |  7- 9 | 10-12 | 13-15 || total
-------------------------+-------+-------+-------+-------+-------++-------
Melee: Unarmed           |     7 |       |       |       |       ||     7
       Kick              |     5 |     2 |    16 |    11 |     1 ||    35
       Peck              |     4 |       |     9 |     7 |     1 ||    21
       Dagger            |    10 |       |       |       |       ||    10
       Trident           |     7 |    18 |    39 |     4 |       ||    68
       Punch             |       |       |     1 |       |       ||     1
       Staff             |       |       |       |    16 |     2 ||    18
 Cast: Shock             |    56 |    81 |    71 |    77 |     9 ||   294
       Airstrike         |       |     6 |    69 |   121 |   117 ||   313
       Static Discharge  |       |     2 |     4 |    15 |     9 ||    30
       Foxfire           |       |       |     8 |    63 |       ||    71
       Flame Wave        |       |       |     3 |    21 |    10 ||    34
       Lightning Bolt    |       |       |       |    16 |    11 ||    27
       Fulminant Prism   |       |       |       |    10 |     4 ||    14
       Iskenderun's Myst |       |       |       |       |    23 ||    23
       Summon Lightning  |       |       |       |       |     6 ||     6
       Freezing Cloud    |       |       |       |       |     3 ||     3
       Maxwell's Capacit |       |       |       |       |     4 ||     4
  Use: Scroll            |     1 |     1 |     1 |    19 |     9 ||    31
       Potion            |       |       |       |     4 |     3 ||     7
 Stab: Sleeping          |     1 |       |       |       |       ||     1
Armor: Robe              |     3 |     6 |     5 |       |       ||    14
       Steam dragon scal |       |       |     7 |    25 |    26 ||    58
Dodge: Dodged            |    21 |    26 |    29 |    60 |    50 ||   186
